 Dungeon Crawl Stone Soup version 0.24.0-123-gd5b16e6ec5 (webtiles) character file.

Game seed: 4414395303448870778, levelgen mode: deterministic

1203 FishyPogo the Charmwright (level 8, -1/64 HPs)
             Began as a Gnoll Skald on Dec 23, 2019.
             Was a Believer of Makhleb.
             Slain by a gnoll
             ... wielding a +0 halberd
              (5 damage)
             ... on level 6 of the Dungeon.
             The game lasted 00:17:28 (4586 turns).

FishyPogo the Charmwright (Gnoll Skald)             Turns: 4586, Time: 00:17:31

Health: -1/64      AC:  5    Str: 15 (16) XL:     8   Next: 45%
Magic:  6/17       EV: 14    Int: 11 (14) God:    Makhleb [**....]
Gold:   317        SH:  4    Dex: 12 (14) Spells: 8/19 levels left

rFire    + . .     SeeInvis +   a - +5 whip of Quxo {drain, rPois MR- SInv Stlth+}
rCold    . . .     Gourm    .   (no shield)
rNeg     . . .     Faith    .   G - +0 leather armour
rPois    +         Spirit   .   w - +1 helmet
rElec    .         Reflect  .   (no cloak)
rCorr    .         Harm     .   (no gloves)
MR       .....                  (no boots)
Stlth    +.........             (no amulet)
HPRegen  1.20/turn              u - ring of poison resistance
MPRegen  0.15/turn              F - ring of protection from fire

@: singing, flying, regenerating (expiring), glowing
A: distributed training, fangs 1, large bone plates 1, dopey 1, strong nose
a: Minor Destruction, Renounce Religion


You were on level 6 of the Dungeon.
You worshipped Makhleb.
Makhleb was pleased with you.
You were hungry.

You visited 2 branches of the dungeon, and saw 7 of its levels.
You also visited: Sewer.

You collected 317 gold pieces.

Inventory:

Hand Weapons
 a - the +5 whip of Quxo (weapon) {drain, rPois MR- SInv Stlth+}
   (You found it on level 5 of the Dungeon)

   A truly terrible weapon, it drains the life of those it strikes.
   It protects you from poison.
   It affects your resistance to hostile enchantments.
   It lets you see invisible.
   It makes you more stealthy.
 b - a +2 hunting sling of velocity
 p - a +3 whip of holy wrath
 z - a +1 falchion of flaming
Missiles
 k - 7 boomerangs (quivered)
 q - 49 poisoned darts
 r - 120 stones
 H - 26 sling bullets
Armour
 w - a +1 helmet (worn)
 G - a +0 leather armour (worn)
Jewellery
 u - a ring of poison resistance (left hand)
 F - a ring of protection from fire (right hand)
 J - an uncursed ring of protection from fire
Wands
 t - a wand of iceblast (6)
 y - a wand of enslavement (7)
 L - a wand of flame (13)
Scrolls
 c - 4 scrolls of enchant weapon {unknown}
 e - 2 scrolls of blinking {unknown}
 f - 2 scrolls of fog {unknown}
 g - a scroll of random uselessness {unknown}
 h - 3 scrolls of teleportation {unknown}
 i - 2 scrolls of enchant armour {unknown}
 m - 4 scrolls of identify
 x - 2 scrolls of magic mapping
 A - a scroll of amnesia {unknown}
 B - 3 scrolls of remove curse {unknown}
 E - a scroll of noise {unknown}
Potions
 j - a potion of haste {unknown}
 l - 4 potions of curing {unknown}
 n - 2 potions of lignification {unknown}
 o - a potion of might {unknown}
 s - a potion of agility
 v - a potion of brilliance {unknown}
 C - a potion of degeneration
Comestibles
 d - 11 rations


   Skills:
 + Level 5.6 Fighting
 + Level 3.2 Short Blades
 + Level 3.2 Long Blades
 + Level 3.2 Axes
 + Level 3.2 Maces & Flails
 + Level 5.6 Polearms
 + Level 3.2 Staves
 + Level 3.2 Slings
 + Level 3.2 Bows
 + Level 3.2 Crossbows
 + Level 3.2 Throwing
 + Level 4.2 Armour
 + Level 5.6 Dodging
 + Level 3.2 Stealth
 + Level 3.2 Shields
 + Level 3.2 Unarmed Combat
 + Level 6.0 Spellcasting
 + Level 2.6 Conjurations
 + Level 2.6 Hexes
 + Level 6.1 Charms
 + Level 2.6 Summonings
 + Level 2.6 Necromancy
 + Level 2.6 Translocations
 + Level 2.6 Transmutations
 + Level 2.6 Fire Magic
 + Level 2.6 Ice Magic
 + Level 2.6 Air Magic
 + Level 2.6 Earth Magic
 + Level 2.6 Poison Magic
 + Level 3.5 Invocations
 + Level 3.2 Evocations


You had 8 spell levels left.
You knew the following spells:

 Your Spells              Type           Power        Failure   Level  Hunger
h - Regeneration          Chrm/Necr      ##........   12%         3    ###....
n - Spectral Weapon       Hex/Chrm       ##......     12%         3    ###....
p - Shroud of Golubria    Chrm/Tloc      ##....       6%          2    ##.....
u - Song of Slaying       Chrm           ###.....     3%          2    ##.....
y - Infusion              Chrm           ###.         1%          1    None

Your spell library contained the following spells:

 Spells                   Type           Power        Failure   Level  Hunger


Dungeon Overview and Level Annotations

Branches:
Dungeon (6/15)             Temple (1/1) D:4           Sewer (visited)

Altars:
Cheibriados
Dithmenos
Fedhas
Gozag
Makhleb
Okawaru
Qazlal
Sif Muna
Uskayaw
Vehumet


Innate Abilities, Weirdness & Mutations

Your experience applies equally to all skills.
You have very sharp teeth.
Your uncanny sense of smell can sniff out nearby items.
You are partially covered in large bone plates. (SH +4)
You are dopey. (Int -2)


Message History

The gnoll shaman hits you with a +0 whip.
Casting: Song of Slaying (safe; 3% risk of failure)
Confirm with . or Enter, or press ? or * to list all spells.
You draw out your weapon's spirit!
The gnoll hits you from afar with a +0 halberd.
* * * LOW HITPOINT WARNING * * *
The gnoll shaman hits you with a +0 whip.
* * * LOW HITPOINT WARNING * * *
You see here a throwing net.
You hit the gnoll shaman. You drain the gnoll shaman.
You kill the gnoll shaman!
Makhleb accepts your kill.
Casting: Spectral Weapon (safe; 12% risk of failure)
Confirm with . or Enter, or press ? or * to list all spells.
Space distorts slightly along a thin shroud covering your body.
The gnoll hits you from afar with a +0 halberd!
* * * LOW HITPOINT WARNING * * *
Your shroud falls apart!
The gnoll hits you from afar with a +0 halberd.
You die...

#( ##.##.# ∆ #g####
#..##.# #...# #
#.###.# #.)##.# #.#
#.# ##(...# #.# #.#
#(c#### #.# #.#
#.#g# #.# #.#
#.##)########.###.#
#...(@............#
###################


You could see a centaur, a gnoll and a friendly spectral +5 whip of Quxo {drain,
rPois MR- SInv Stlth+}.

Vanquished Creatures
  A sky beast (D:5)
  2 phantoms
  An ogre (D:5)
  A bullfrog (Sewer)
  A water moccasin zombie (D:5)
  3 scorpions
  A crimson imp (D:5)
  5 hounds
  A gnoll shaman (D:6)
  An orc priest (D:3)
  2 orc wizards (D:3)
  Natasha (twice) (D:2)
  2 worker ants
  A hound skeleton (D:3)
  5 gnolls
  2 adders
  A shadow imp (D:6)
  An adder skeleton (D:4)
  2 worms (D:2)
  2 dart slugs
  6 leopard geckos
  18 orcs
  7 giant cockroaches
  8 goblins
  5 hobgoblins
  4 kobolds
  4 quokkas
  8 ball pythons
  5 bats
  6 frilled lizards
  8 rats
116 creatures vanquished.

Notes
Turn   | Place    | Note
-------+----------+-------------------------------------------
     0 | D:1      | FishyPogo the Gnoll Skald began the quest for the Orb.
     0 | D:1      | Reached XP level 1. HP: 20/20 MP: 6/6
   140 | D:1      | Reached XP level 2. HP: 14/26 MP: 7/7
   144 | D:1      | Learned a level 2 spell: Song of Slaying
   147 | D:1      | Learned a level 2 spell: Shroud of Golubria
   647 | D:1      | Found an opulent altar of Gozag.
   901 | D:2      | Reached XP level 3. HP: 27/31 MP: 6/9
   946 | D:2      | Learned a level 3 spell: Regeneration
   950 | D:2      | Learned a level 3 spell: Spectral Weapon
   991 | D:2      | Noticed Natasha
  1007 | D:3      | Reached skill level 5 in Spellcasting
  1032 | D:4      | Reached skill level 1 in Short Blades
  1032 | D:4      | Reached skill level 1 in Long Blades
  1032 | D:4      | Reached skill level 1 in Axes
  1032 | D:4      | Reached skill level 1 in Maces & Flails
  1032 | D:4      | Reached skill level 1 in Staves
  1032 | D:4      | Reached skill level 1 in Slings
  1032 | D:4      | Reached skill level 1 in Bows
  1032 | D:4      | Reached skill level 1 in Crossbows
  1032 | D:4      | Reached skill level 1 in Throwing
  1032 | D:4      | Reached skill level 1 in Stealth
  1032 | D:4      | Reached skill level 1 in Shields
  1032 | D:4      | Reached skill level 1 in Unarmed Combat
  1032 | D:4      | Reached skill level 1 in Invocations
  1032 | D:4      | Reached skill level 1 in Evocations
  1032 | D:4      | Reached XP level 4. HP: 29/38 MP: 11/11
  1035 | D:4      | Found a staircase to the Ecumenical Temple.
  1041 | Temple   | Entered the Ecumenical Temple
  1051 | Temple   | Became a worshipper of Makhleb the Destroyer
  1078 | D:4      | Noticed a phantom
  1133 | D:4      | Found a glowing drain.
  1137 | Sewer    | Entered a sewer
  1314 | Sewer    | Noticed a bullfrog
  1329 | Sewer    | Killed a bullfrog
  1329 | Sewer    | Reached skill level 1 in Conjurations
  1329 | Sewer    | Reached skill level 1 in Hexes
  1329 | Sewer    | Reached skill level 1 in Summonings
  1329 | Sewer    | Reached skill level 1 in Necromancy
  1329 | Sewer    | Reached skill level 1 in Translocations
  1329 | Sewer    | Reached skill level 1 in Transmutations
  1329 | Sewer    | Reached skill level 1 in Fire Magic
  1329 | Sewer    | Reached skill level 1 in Ice Magic
  1329 | Sewer    | Reached skill level 1 in Air Magic
  1329 | Sewer    | Reached skill level 1 in Earth Magic
  1329 | Sewer    | Reached skill level 1 in Poison Magic
  1329 | Sewer    | Reached XP level 5. HP: 27/43 MP: 6/12
  1397 | D:4      | Killed a phantom
  1397 | D:4      | Reached XP level 6. HP: 50/50 MP: 9/13
  1604 | D:4      | Reached skill level 5 in Fighting
  1604 | D:4      | Reached skill level 5 in Polearms
  1604 | D:4      | Reached skill level 5 in Dodging
  2032 | D:2      | Killed Natasha
  2124 | D:2      | Noticed Natasha
  2134 | D:2      | Killed Natasha
  2756 | D:3      | Reached * piety under Makhleb
  2762 | D:3      | Reached XP level 7. HP: 53/56 MP: 13/15
  3325 | D:3      | Found a stormy altar of Qazlal.
  3325 | D:3      | Found a shimmering blue altar of Sif Muna.
  3326 | D:3      | Found a blossoming altar of Fedhas.
  3424 | D:3      | Found a shadowy altar of Dithmenos.
  3717 | D:5      | Entered Level 5 of the Dungeon
  3781 | D:5      | Got a shimmering whip
  3782 | D:5      | Identified the +5 whip of Quxo {drain, rPois MR- SInv
                  | Stlth+} (You found it on level 5 of the Dungeon)
  3833 | D:5      | Reached XP level 8. HP: 62/63 MP: 16/16
  3838 | D:5      | Found an iron altar of Okawaru.
  3885 | D:5      | Reached ** piety under Makhleb
  4446 | D:6      | Found a radiant altar of Vehumet.
  4575 | D:6      | Gained mutation: You are dopey. (Int -2) [potion of
                  | mutation]
  4575 | D:6      | Gained mutation: You are partially covered in large bone
                  | plates. (SH +4) [potion of mutation]
  4586 | D:6      | Slain by a gnoll

Levels and vault maps discovered:
D:1:      dpeg_arrival_tiny_b, layout_loops_corners, kennysheep_flooded_box
D:2:      layout_basic, first_ration, nrook_loot_triangle,
          kennysheep_nondescript, uniq_natasha
D:3:      layout_loops_cross, nicolae_overflow_quartered_altars,
          grunt_decor_one_mirror
D:4:      layout_basic, minmay_temple_entry_ruins, gup_sewer_entry_bowl,
          hex_large, item_on_display_a
D:5:      layout_basic, okawaru_ov_weapons_minmay,
          chequers_serial_rivers_small_b
D:6:      layout_loops_ring, minivault_14, vehumet_altar_wand_db
Temple:   compressed_dpeg_triangle_lava_temple

Skill      XL: |  1  2  3  4  5  6  7  8 |
---------------+-------------------------+-----
Spellcasting   | 5 6 |  6.0
Short Blades   | 1 2 3 |  3.2
Long Blades    | 1 2 3 |  3.2
Axes           | 1 2 3 |  3.2
Maces & Flails | 1 2 3 |  3.2
Staves         | 1 2 3 |  3.2
Slings         | 1 2 3 |  3.2
Bows           | 1 2 3 |  3.2
Crossbows      | 1 2 3 |  3.2
Throwing       | 1 2 3 |  3.2
Stealth        | 1 2 3 |  3.2
Shields        | 1 2 3 |  3.2
Unarmed Combat | 1 2 3 |  3.2
Invocations    | 1 2 3 |  3.5
Evocations     | 1 2 3 |  3.2
Conjurations   | 1 2 |  2.6
Hexes          | 1 2 |  2.6
Summonings     | 1 2 |  2.6
Necromancy     | 1 2 |  2.6
Translocations | 1 2 |  2.6
Transmutations | 1 2 |  2.6
Fire Magic     | 1 2 |  2.6
Ice Magic      | 1 2 |  2.6
Air Magic      | 1 2 |  2.6
Earth Magic    | 1 2 |  2.6
Poison Magic   | 1 2 |  2.6
Armour         | 3 4 |  4.2
Fighting       | 5 |  5.6
Polearms       | 5 |  5.6
Dodging        | 5 |  5.6
Charms         | 6 |  6.1

Action                   |  1- 3 |  4- 6 |  7- 9 || total
-------------------------+-------+-------+-------++-------
Melee: Spear             |    76 |   130 |   114 ||   320
       Bite              |     4 |    11 |    19 ||    34
       Whip              |       |       |    66 ||    66
       Punch             |       |       |     2 ||     2
 Fire: Hunting sling     |       |       |    12 ||    12
Throw: Boomerang         |       |    14 |       ||    14
 Cast: Shroud of Golubri |     2 |     6 |    13 ||    21
       Regeneration      |       |     4 |     1 ||     5
       Spectral Weapon   |       |     5 |     6 ||    11
       Song of Slaying   |       |     1 |     1 ||     2
       Infusion          |       |       |     1 ||     1
  Use: Scroll            |     3 |       |       ||     3
       Potion            |       |       |     4 ||     4
 Stab: Sleeping          |       |     3 |     5 ||     8
  Eat: Chunk             |       |     7 |     6 ||    13
Armor: Leather armour    |     6 |    17 |    34 ||    57
Dodge: Dodged            |    47 |    68 |   103 ||   218
